Map: Catalyseur EC

Players

Topgun

  • Race: Terran Terran
  • League: Diamond
  • Spawn Location: 11:00

HoldTheDoor - Winner!

  • Race: Protoss Protoss
  • League: Diamond
  • Spawn Location: 5:00

VOD

Have the link to the VOD?

Description

Time

  • Played on: July 8, 2018, 7:42 a.m.
  • Length: 18:18
Show
View Real Time Build Order
Export as new Build Order

Topgun Terran 

Build Orders: Bio Tank 

Get SALT Encoding   

  12  0:01  SCV  
  13  0:13  SCV  
  14  0:18  Supply Depot  
  14  0:26  Refinery  
  15  0:28  SCV  
  15  0:41  Barracks  
  15  0:46  SCV  
  16  1:00  Barracks  
  16  1:15  Barracks  
  16  1:20  SCV  
  17  1:30  Barracks Tech Lab  
  17  1:41  Factory  
  17  1:46  SCV  
  18  1:55  Refinery  
  18  1:59  SCV  
  19  2:03  Barracks Reactor  
  19  2:07  Barracks Tech Lab  
  19  2:12  SCV  
  20  2:19  Supply Depot  
  20  2:30  Widow Mine  
  20  2:36  Stimpack  
  22  2:39  Marine  
  23  2:47  Marauder  
  25  2:53  Widow Mine  
  27  3:00  Marauder  
  29  3:07  Supply Depot  
  29  3:14  Factory Tech Lab  
  29  3:20  Marauder  
  31  3:27  Combat Shields  
  31  3:40  Siege Tank  
  34  3:43  Marine  
  34  3:46  Marine  
  36  3:50  Marine  
  37  3:59  Supply Depot  
  38  4:02  SCV  
  38  4:16  Marine  
  39  4:20  Marine x2  
  41  4:26  Siege Tank  
  44  4:36  Orbital Command  
  44  4:45  Marauder  
  26  5:42  Marine x4  
  30  5:55  SCV  
  31  5:59  Marine  
  31  6:00  Marine x3  
  35  6:05  Siege Tank  
  35  6:07  Command Center  
  38  6:17  Marine x3  
  41  6:21  SCV  
  42  6:31  Marine  
  43  6:33  SCV  
  43  6:35  Marine  
  45  6:46  SCV  
  46  6:49  Supply Depot  
  46  6:56  Marine  
  46  7:00  Refinery x2  
  47  7:10  Marine x2  
  47  7:11  Supply Depot, Siege Tank  
  31  7:31  Orbital Command  
  31  7:41  Marine x3  
  31  7:42  Marine  
  31  7:43  Siege Tank  
  38  7:57  SCV  
  39  7:59  SCV  
  40  8:05  Factory  
  40  8:06  Marine  
  41  8:15  Widow Mine  
  41  8:17  SCV  
  44  8:20  Marine x3  
  44  8:23  Marine  
  48  8:29  SCV, Engineering Bay  
  49  8:36  Widow Mine  
  49  8:37  SCV  
  49  8:38  Marine  
  53  8:41  SCV  
  54  8:49  Marauder x2  
  54  8:54  Factory Tech Lab  
  58  8:58  Marine x2, Widow Mine  
  58  9:00  SCV  
  63  9:04  Missile Turret  
  63  9:12  SCV  
  38  9:38  Siege Tank  
  38  9:39  Siege Tank  
  38  9:43  Marine x2  
  38  9:44  Marine x2  
  40  10:00  Marine  
  40  10:01  Marine  
  36  10:18  Marine  
  37  10:35  Siege Tank  
  40  10:36  Marine  
  40  10:41  Marine  
  42  10:51  SCV  
  43  11:03  SCV  
  41  11:14  Orbital Command  
  41  11:15  SCV  
  38  11:32  Marauder x2  
  42  11:33  Siege Tank x2  
  42  11:36  Marine x2  
  50  11:53  Marine  
  51  11:54  SCV  
  52  12:03  Refinery  
  52  12:05  Refinery  
  52  12:06  SCV  
  52  12:07  SCV  
  54  12:15  Engineering Bay  
  54  12:30  Command Center  
  54  12:32  Hellion  
  54  12:33  Widow Mine  
  54  12:35  Marine x3  
  54  12:36  Marine  
  62  12:37  SCV  
  62  12:43  SCV  
  64  12:49  SCV  
  65  12:53  Marine, Widow Mine  
  65  12:54  Missile Turret  
  65  12:55  SCV  
  65  12:56  Siege Tank  
  72  13:01  SCV  
  72  13:05  Starport  
  73  13:06  Starport  
  73  13:08  SCV  
  73  13:10  Starport  
  74  13:14  Siege Tank  
  77  13:25  SCV  
  78  13:40  Supply Depot  
  78  13:42  SCV x2, Siege Tank  
  78  13:48  Medivac x3  
  87  13:54  SCV x2, Planetary Fortress  
  91  14:07  Supply Depot  
  91  14:12  Marine x4  
  95  14:18  Medivac x2  
  99  14:26  Missile Turret  
  99  14:29  Missile Turret  
  99  14:40  Missile Turret  
  99  14:46  Marine x4, Liberator  
  103  15:03  Marine, Starport Tech Lab  
  103  15:04  Marine  
  108  15:32  Supply Depot  
  108  15:35  Supply Depot  
  108  15:36  Supply Depot, Liberator  
  108  15:54  Siege Tank x2  
  80  16:15  Medivac x2  
  76  16:25  Missile Turret  
  76  16:26  Siege Tank x2  
  76  16:30  Marine  
  76  16:31  Marine x3  
  86  16:35  Engineering Bay, Liberator  
  86  16:36  Medivac  
  88  16:45  Medivac  
  90  16:48  Marine x2  
  90  16:49  Marine, Liberator  
  96  16:55  Marine  
  96  16:58  Liberator  
Show
View Real Time Build Order
Export as new Build Order

HoldTheDoor Protoss - Winner!

Build Orders:  

Get SALT Encoding   

  12  0:00  Probe  
  13  0:13  Probe  
  14  0:20  Pylon  
  14  0:25  Probe  
  15  0:37  Probe  
  15  0:39  Gateway  
  16  0:45  Probe  
  16  0:47  Assimilator  
  17  0:53  Probe  
  17  0:54  Assimilator  
  18  1:04  Probe  
  19  1:16  Probe  
  19  1:17  Gateway  
  20  1:29  Probe  
  21  1:38  Cybernetics Core  
  21  1:41  Probe  
  22  1:53  Probe  
  23  1:57  Warp Gate  
  23  1:58  Gateway  
  23  2:02  Pylon  
  23  2:20  Adept x2  
  27  2:26  Robotics Facility  
  27  2:31  Shield Battery  
  27  2:34  Probe  
  28  2:43  Pylon  
  28  2:47  Sentry  
  30  3:01  Pylon, Adept  
  30  3:03  Sentry  
  34  3:06  Probe  
  35  3:14  Observer  
  35  3:18  Probe  
  37  3:20  Stalker  
  39  3:27  Pylon  
  39  3:34  Pylon  
  39  3:39  Immortal  
  43  4:01  Stalker  
  43  4:02  Stalker  
  47  4:05  Stalker  
  47  4:09  Probe  
  50  4:18  Observer  
  50  4:21  Pylon  
  51  4:30  Immortal  
  51  4:33  Forge  
  55  4:48  Stalker  
  55  4:51  Stalker  
  49  5:22  Stalker x2  
  49  5:23  Stalker  
  43  5:39  Probe  
  44  5:43  Protoss Ground Armor Level 1  
  44  5:50  Nexus, Pylon  
  44  5:52  Probe  
  45  6:02  Immortal  
  49  6:06  Probe  
  50  6:15  Adept  
  50  6:17  Adept  
  54  6:19  Probe  
  55  6:32  Immortal, Adept  
  57  6:46  Shield Battery  
  61  6:54  Probe  
  62  7:02  Adept x2  
  62  7:03  Adept  
  62  7:06  Probe  
  65  7:19  Protoss Shields Level 1  
  61  7:31  Stalker x3  
  67  7:38  Probe x2  
  69  7:50  Probe  
  70  7:53  Assimilator  
  70  7:55  Assimilator  
  70  8:04  Pylon  
  70  8:06  Probe x2  
  70  8:11  Adept  
  70  8:12  Observer  
  74  8:23  Warp Prism  
  74  8:31  Probe x2  
  78  8:43  Probe x2, Gateway  
  78  8:45  Gateway  
  54  9:31  Adept  
  54  9:32  Adept x2  
  52  9:57  Adept  
  52  9:58  Adept x2  
  58  10:04  Immortal  
  62  10:18  Stalker x3  
  68  10:39  Pylon  
  68  10:41  Gateway  
  68  10:42  Stalker x3, Gateway  
  74  11:03  Stalker x2  
  68  11:22  Protoss Ground Weapons Level 1  
  60  11:27  Immortal  
  64  11:40  Stalker  
  64  11:41  Stalker x4  
  64  11:46  Pylon  
  74  11:54  Stargate x2  
  74  11:56  Immortal  
  74  11:57  Pylon  
  74  12:00  Stalker  
  74  12:01  Stalker  
  78  12:07  Stalker  
  78  12:08  Stalker x4  
  90  12:10  Pylon  
  90  12:11  Probe x2  
  94  12:16  Pylon  
  94  12:19  Nexus  
  94  12:33  Probe x2  
  96  12:37  Assimilator  
  96  12:42  Assimilator, Void Ray  
  100  12:44  Pylon  
  100  12:47  Pylon  
  100  12:52  Void Ray  
  104  13:08  Immortal  
  104  13:12  Twilight Council  
  104  13:13  Pylon  
  104  13:16  Pylon  
  108  13:21  Zealot  
  108  13:22  Zealot  
  108  13:26  Sentry x2  
  116  13:28  Probe  
  116  13:30  Probe  
  118  13:42  Probe x3, Pylon  
  121  13:51  Zealot x3  
  127  14:03  Adept x2  
  127  14:04  Adept x2  
  133  14:28  Zealot x4  
  133  14:29  Zealot x3  
  147  14:32  Charge  
  147  14:41  Probe x3  
  150  14:57  Protoss Ground Armor Level 2  
  150  15:01  Void Ray  
  150  15:03  Pylon  
  154  15:09  Pylon  
  154  15:10  Templar Archives  
  154  15:21  Probe  
  155  15:29  Nexus  
  155  15:32  Pylon  
  155  15:34  Pylon  
  155  15:41  Void Ray  
  159  15:56  Zealot x3  
  151  15:57  Zealot x2  
  123  16:16  Probe x3  
  126  16:23  Pylon  
  126  16:27  Photon Cannon  
  126  16:28  Probe x3  
  126  16:31  Photon Cannon  
  129  16:38  High Templar x3  
  129  16:39  High Templar x4  
  143  16:40  Probe x2  
  143  16:41  Probe  
  143  16:45  Assimilator  
  146  16:48  Archon x2  
  146  16:49  Assimilator, Archon  
  146  17:02  Photon Cannon  
  146  17:04  Photon Cannon  
  146  17:06  Photon Cannon  
  146  17:07  Shield Battery  
  146  17:08  Shield Battery  
  146  17:11  Pylon  
  146  17:24  High Templar x3  
  146  17:25  High Templar x4  
  146  17:28  Archon x2  
  146  17:29  Archon x2  
  138  17:57  Zealot x6  
  138  17:58  Zealot  
Tags
 
Composition
Bio Tank
Matchup
PvT
Spawn Locations
Cross Positions
Add a new tag
Caveats
  • Supply blocks, unpowered buildings, or Contaminate may cause inaccurate times.
  • Supply counts are checked every 10 seconds.